 Dungeon Crawl Stone Soup version 0.27-a0-978-g2aa4ecdaef (webtiles) character file.

Game seed: 13809416007678882089

2779 lunkers the Thaumaturge (level 9, -19/68 HPs)
             Began as a Djinni Air Elementalist on Apr 14, 2021.
             Demolished by a boulder beetle (23 damage)
             ... on level 7 of the Dungeon.
             The game lasted 00:16:31 (12019 turns).

lunkers the Thaumaturge (Djinni Air Elementalist)  Turns: 12019, Time: 00:16:31

Health: -19/68     AC: 11    Str:  7    XL:     9   Next: 70%
Gold:   313        EV: 12    Int: 20    God:
                   SH:  4    Dex: 14

rFire    + + .     SeeInvis .   i - +2 dagger (venom)
rCold    x . .     Faith    .   J - +0 buckler
rNeg     . . .     Spirit   .   t - +2 robe {Will+}
rPois    ∞         Reflect  .   h - +0 helmet
rElec    .         Harm     .   L - +0 cloak
rCorr    .         Rampage  .   r - +0 pair of gloves
Will     ++...                  (boots unavailable)
Stlth    ++........             (no amulet)
HPRegen  0.21/turn              c - ring of willpower
MPRegen  0.00/turn              p - +4 ring of protection

@: flying, very slightly contaminated
A: fire resistance 2, cold vulnerability 1, float, innate caster, hp casting,
extra vitality 1
a: no special abilities


You were on level 7 of the Dungeon.
You visited 2 branches of the dungeon, and saw 8 of its levels.
You also visited: Ossuary.

You collected 313 gold pieces.

Inventory:

Hand Weapons
 i - a +2 dagger of venom (weapon)
 G - a +2 morningstar of freezing
Missiles
 d - a throwing net
Armour
 h - a +0 helmet (worn)
 r - a +0 pair of gloves (worn)
 t - a +2 robe of willpower (worn)
 J - a +0 buckler (worn)
 L - a +0 cloak (worn)
Jewellery
 a - a +4 ring of protection
 c - a ring of willpower (left hand)
 n - a ring of wizardry
 p - a +4 ring of protection (right hand)
 v - a ring of ice
 I - a ring of protection from cold
Wands
 M - a wand of flame (20)
Scrolls
 e - 2 scrolls of brand weapon {unknown}
 f - 3 scrolls of immolation {unknown}
 g - 4 scrolls of teleportation {unknown}
 k - 3 scrolls of acquirement {unknown}
 m - 3 scrolls of enchant armour {unknown}
 q - 2 scrolls of summoning {unknown}
 u - 4 scrolls of magic mapping {unknown}
 x - a scroll of holy word {unknown}
 y - a scroll of noise {unknown}
 A - a scroll of enchant weapon {unknown}
 B - a scroll of silence {unknown}
 C - a scroll of torment {unknown}
 D - a scroll of vulnerability {unknown}
 E - a scroll of blinking {unknown}
 H - 4 scrolls of identify
Potions
 b - 4 potions of curing
 j - a potion of might
 l - a potion of invisibility
 o - a potion of haste
 s - 4 potions of heal wounds
 w - 2 potions of brilliance
 z - 3 potions of lignification
 F - 2 potions of mutation
 K - a potion of ambrosia {unknown}


   Skills:
 + Level 7.2 Fighting
 - Level 2.1 Dodging
 - Level 1.5 Stealth
 + Level 2.1 Shields
 * Level 9.2 Spellcasting


You had 2 spell levels left.
You knew the following spells:

 Your Spells              Type           Power      Damage    Failure   Level
a - Airstrike             Air            23%        N/A       1%          4
b - Static Discharge      Conj/Air       46%        N/A       1%          2
c - Swiftness             Air            46%        N/A       1%          3
d - Shock                 Conj/Air       100%       1d9       1%          1
e - Lightning Bolt        Conj/Air       23%        1d38      6%          5
f - Magic Dart            Conj           100%       1d8       1%          1
g - Call Imp              Summ           46%        N/A       1%          2
h - Passwall              Tmut/Erth      38%        N/A       1%          2
i - Summon Ice Beast      Ice/Summ       46%        N/A       1%          4
Your spell library was empty.

Dungeon Overview and Level Annotations

Branches:
Dungeon (7/15)             Temple (1/1) D:5         Ossuary (visited)

Altars:
Ashenzari
Cheibriados
Dithmenos
Elyvilon
Kikubaaqudgha
Nemelex Xobeh
Okawaru
Ru
Sif Muna
Uskayaw
Vehumet
Wu Jian
Xom
The Shining One

Shops:
D:3 =

Annotations:
D:3 1 runed translucent door, Zeld's ghost, amateur HOFi


Innate Abilities, Weirdness & Mutations

You are immune to poison.
Your flesh is very heat resistant. (rF++)
You are vulnerable to cold. (rC-)
You float through the air rather than walking.
You learn spells naturally, not from books.
Your magical power is your life essence.
You have superior vitality. (+4 HP)


Message History

Confirm with . or Enter, or press ? or * to list all spells.
Aiming: Airstrike (dangerous; 1% risk of failure)
Press: ? - help, Dir - move target, f/p - boulder beetle
Aim: a boulder beetle (heavily wounded)
You miscast Airstrike.
You are very lightly contaminated with residual magic.
Nothing appears to happen.
* * * LOW HITPOINT WARNING * * *
The boulder beetle misses you.
Casting: Airstrike (dangerous; 1% risk of failure)
Confirm with . or Enter, or press ? or * to list all spells.
Aiming: Airstrike (dangerous; 1% risk of failure)
Press: ? - help, Dir - move target, f/p - boulder beetle
Aim: a boulder beetle (heavily wounded)
The air twists around and strikes the boulder beetle but does no damage.
* * * LOW HITPOINT WARNING * * *
The boulder beetle barely misses you.
Casting: Airstrike (dangerous; 1% risk of failure)
Confirm with . or Enter, or press ? or * to list all spells.
Aiming: Airstrike (dangerous; 1% risk of failure)
Press: ? - help, Dir - move target, f/p - boulder beetle
Aim: a boulder beetle (heavily wounded)
The air twists around and strikes the boulder beetle!
The boulder beetle is heavily wounded.
* * * LOW HITPOINT WARNING * * *
The boulder beetle misses you.
Unknown command.
Casting: Airstrike (dangerous; 1% risk of failure)
Confirm with . or Enter, or press ? or * to list all spells.
You don't have enough health to cast this spell.
Unknown command.
Unknown command.
Unknown command.
Casting: Airstrike (dangerous; 1% risk of failure)
Confirm with . or Enter, or press ? or * to list all spells.
You don't have enough health to cast this spell.
Unknown command.
The boulder beetle curls into a ball and begins rolling!
The boulder beetle hits you!!
You die...

.. #...............# .....
#...............# #...#
########..##...##
#...###....###..######
.................#
..............○..#
...............○.#
................B#
................@##
##..##..##.##.#...#
##..######+##.###.########
.........+......#........#
.........#...............#
.........#..##..##..##...#
####....##.####....####..#
####....##.## ##..## ##..#
...+.....#..## #..# ##...#


You could see a boulder beetle (rolling).

Vanquished Creatures
  Prince Ribbit (D:6)
  Sigmund (D:6)
  Duvessa (D:4)
  An orc warrior (D:7)
  An ice beast (D:7)
  A necrophage (D:6)
  3 scorpions
  A bullfrog (D:6)
  A gnoll sergeant (D:6)
  Dowan (D:4)
  A howler monkey (D:7)
  5 wights (D:5)
  6 electric eels (D:6)
  2 centaur zombies (Ossuary)
  2 hounds
  6 orc priests
  A jelly (D:4)
  2 gnoll shamans
  Crazy Yiuf (D:6)
  3 iguanas
  4 orc wizards
  Natasha (thrice) (D:4)
  3 ogre zombies (Ossuary)
  7 mummies (Ossuary)
  Robin (D:1)
  15 gnolls
  3 howler monkey skeletons
  7 adders
  A white imp (D:5)
  2 ufetubi
  An adder zombie (Ossuary)
  An adder skeleton (D:4)
  3 worms
  2 dart slugs
  29 orcs
  4 endoplasms
  2 giant cockroaches
  14 goblins
  8 hobgoblins
  9 jackals
  6 quokkas
  5 ball pythons
  4 bats
  4 frilled lizards
  5 goblin zombies (Ossuary)
  3 hobgoblin zombies (Ossuary)
  8 kobolds
  8 kobold zombies (Ossuary)
  2 orc zombies (Ossuary)
  4 quokka zombies
  7 rats
  4 rat zombies
220 creatures vanquished.

Vanquished Creatures (others)
  2 hobgoblins (D:4)
  A quokka (D:4)
  A plant (D:7)
4 creatures vanquished.

Grand Total: 224 creatures vanquished

Notes
Turn   | Place    | Note
-------+----------+-------------------------------------------
     0 | D:1      | lunkers the Djinni Air Elementalist began the quest for the
                  | Orb.
     0 | D:1      | Reached XP level 1. HP: 15/15 MP: 0/0
    29 | D:1      | Reached skill level 3 in Spellcasting
    29 | D:1      | Reached XP level 2. HP: 13/22 MP: 0/0
   204 | D:1      | Reached skill level 1 in Fighting
   350 | D:1      | Reached XP level 3. HP: 6/27 MP: 0/0
   350 | D:1      | Learned a level 1 spell: Magic Dart
  1598 | D:2      | Noticed Robin
  1610 | D:1      | Killed Robin
  1611 | D:1      | Reached XP level 4. HP: 15/33 MP: 0/0
  2529 | D:2      | Reached skill level 4 in Spellcasting
  2701 | D:2      | Found a faded altar of an unknown god.
  2962 | D:3      | Found Hiar's Jewellery Boutique.
  2963 | D:3      | Noticed a scorpion
  2969 | D:3      | Killed a scorpion
  2970 | D:3      | Reached XP level 5. HP: 27/39 MP: 0/0
  2970 | D:3      | Learned a level 2 spell: Call Imp
  3421 | D:3      | Reached XP level 6. HP: 17/46 MP: 0/0
  3682 | D:3      | Reached skill level 5 in Spellcasting
  4031 | D:3      | Found a runed translucent door.
  4162 | D:3      | Noticed Zeld's ghost (amateur HOFi)
  5222 | D:4      | Reached XP level 7. HP: 22/51 MP: 0/0
  5222 | D:4      | Learned a level 2 spell: Passwall
  5796 | D:4      | Noticed Dowan
  5818 | D:4      | Killed Dowan
  5956 | D:4      | Found a white marble altar of Elyvilon.
  5957 | D:4      | Noticed Duvessa
  5963 | D:4      | Killed Duvessa
  5963 | D:4      | Noticed Natasha
  5964 | D:4      | Reached skill level 6 in Spellcasting
  5966 | D:4      | Killed Natasha
  6099 | D:4      | Noticed Natasha
  6100 | D:4      | Killed Natasha
  6282 | D:4      | Noticed Natasha
  6285 | D:4      | Killed Natasha
  6551 | D:5      | Entered Level 5 of the Dungeon
  6634 | D:5      | Found a sand-covered staircase.
  6643 | Ossuary  | Entered an ossuary
  6935 | Ossuary  | Reached XP level 8. HP: 25/58 MP: 0/0
  7371 | Ossuary  | Reached skill level 5 in Fighting
  8325 | D:5      | Reached skill level 7 in Spellcasting
  8668 | D:5      | Found a staircase to the Ecumenical Temple.
  8681 | Temple   | Entered the Ecumenical Temple
  9797 | D:6      | Reached skill level 8 in Spellcasting
  9889 | D:6      | Reached XP level 9. HP: 61/66 MP: 0/0
  9889 | D:6      | Learned a level 4 spell: Summon Ice Beast
  9898 | D:6      | Found a broken altar of Ashenzari.
 10076 | D:6      | Noticed Sigmund
 10083 | D:6      | Killed Sigmund
 10698 | D:6      | Found a snail-covered altar of Cheibriados.
 11038 | D:6      | Noticed Prince Ribbit
 11042 | D:6      | Killed Prince Ribbit
 11043 | D:6      | Reached skill level 1 in Shields
 11131 | D:6      | Reached skill level 9 in Spellcasting
 11309 | D:6      | Found a runed translucent door.
 11310 | D:6      | Noticed Crazy Yiuf
 11469 | D:6      | Killed Crazy Yiuf
 11845 | D:7      | Noticed a boulder beetle
 12019 | D:7      | Demolished by a boulder beetle

Illustrated notes

Levels and vault maps discovered:
D:1:      pf_arrival_petrified_forest, layout_basic
D:2:      layout_basic, basic_ecumenical_altar, uniq_robin
D:3:      layout_loops_ring, nicolae_overflow_crystal_walls, serial_shops,
          nicolae_shop_stone, gammafunk_ghost_grave
D:4:      layout_cave_pools, elyvilon_altar_4, uniq_duvessa, uniq_natasha
D:5:      layout_basic, minmay_temple_entry_statues_pillars, enter_ossuary_4
D:6:      layout_loops_cross, kennysheep_mini, cheibrodos_worm_habitat,
          kennysheep_boxes, uniq_sigmund, uniq_prince_ribbit1,
          uniq_crazy_yiuf_cottage
D:7:      layout_gridville, grunt_temple_overflow_gold_and_silver,
          fedhas_altar_1, minivault_10, palyth_stone_intersect, st_stairs_3
Temple:   cyrus_temple_forest

Skill      XL: |  1  2  3  4  5  6  7  8  9 |
---------------+----------------------------+-----
Spellcasting   | 3 4 5 6 8 9 |  9.2
Fighting       | 1 2 3 4 6 7 |  7.2
Shields        | 2 |  2.1
Dodging        | |  2.1
Stealth        | |  1.5

Action                   |  1- 3 |  4- 6 |  7- 9 || total
-------------------------+-------+-------+-------++-------
Melee: Unarmed           |     1 |       |       ||     1
       Dagger            |       |    10 |       ||    10
 Cast: Shock             |    48 |    96 |       ||   144
       Static Discharge  |       |     4 |       ||     4
       Airstrike         |       |    29 |   206 ||   235
  Use: Scroll            |       |     3 |     8 ||    11
Armor: Robe              |       |     3 |     1 ||     4
Dodge: Dodged            |     7 |    20 |    12 ||    39
Block: Buckler           |       |       |     1 ||     1

Table legend: (Time is in decaauts)
 A = Elapsed time spent in this place.
 B = Non-inter-level travel time spent in this place.
 C = Inter-level travel time spent in this place.
 D = Time resting spent in this place.
 E = Time spent auto-exploring this place.
 F = Levels seen in this place.
 G = Mean time per level.
                   A        B        C        D        E       F      G
               +--------+--------+--------+--------+--------+-----+--------+
         Total |  12019 |  11711 |    308 |   1135 |   9502 |   9 | 1335.4 |
       Dungeon |  10281 |  10010 |    271 |   1135 |   7939 |   7 | 1468.7 |
        Temple |    233 |    196 |     37 |      0 |    178 |   1 |  233.0 |
       Ossuary |   1504 |   1504 |      0 |      0 |   1385 |   1 | 1504.0 |
               +--------+--------+--------+--------+--------+-----+--------+

Top non-repeatable levels by time:
     D:6: 2360 daAuts
     D:4: 1899 daAuts
     D:1: 1885 daAuts
     D:3: 1689 daAuts
 Ossuary: 1504 daAuts
     D:2: 1078 daAuts
     D:5: 960 daAuts
     D:7: 406 daAuts
  Temple: 233 daAuts
